 Dungeon Crawl Stone Soup version 0.17-a0-2074-gaf3f87d (webtiles) character file.

396 Ordine the Skirmisher (level 6, 0/45 HPs)
             Began as an Octopode Fighter on Oct 15, 2015.
             Slain by a hippogriff (7 damage)
             ... on level 4 of the Dungeon.
             The game lasted 00:11:03 (3336 turns).

Ordine the Skirmisher (Octopode Fighter)            Turns: 3336, Time: 00:11:03

Health: 0/45       AC:  1    Str: 15    XL:     6   Next: 82%
Magic:  6/6        EV: 10    Int: 11    God:
Gold:   168        SH:  8    Dex: 13    Spells: 0 memorised, 5 levels left

rFire  . . .     SeeInvis .     a - +1 long sword
rCold  + . .     Clarity  .     b - +0 shield
rNeg   . . .     SustAt   +     (helmet restricted)
rPois  .         Gourm    .     (no amulet)
rElec  .         Spirit   .     h - ring of stealth
rCorr  .         Warding  .     n - ring of sustain attributes
rMut   .         Stasis   .     r - ring of protection from cold
MR     .....                    (no ring)
Stlth  +++.......               (no ring)
                                (no ring)
                                (no ring)
                                (no ring)

@: hasted, very quick, not resistant to hostile enchantments, fairly stealthy
A: almost no armour, amphibious, 8 rings, constrict 8, camouflage 1, gelatinous
body 1
a: no special abilities


You were on level 4 of the Dungeon.
You were hungry.

You visited 1 branch of the dungeon, and saw 4 of its levels.

You collected 168 gold pieces.

Inventory:

Hand Weapons
 a - a +1 long sword (weapon)
 w - a +0 blowgun
Missiles
 e - 6 javelins (quivered)
 k - 43 poisoned needles
 l - 99 stones
Armour
 b - a +0 shield (worn)
Jewellery
 h - a ring of stealth (left tentacle)
 n - a ring of sustain attributes (right tentacle)
 r - a ring of protection from cold (on tentacle)
Potions
 c - a potion of might
 g - 2 potions of flight
 q - a potion of invisibility
 s - a potion of agility {unknown}
 t - a potion of lignification {unknown}
 v - a potion of magic {unknown}
Comestibles
 d - a bread ration
 f - 2 fruits
 j - 3 meat rations
 u - a royal jelly


   Skills:
 + Level 5.6 Fighting
 + Level 5.2 Long Blades
 - Level 3.0 Dodging
 - Level 3.0 Shields


You had 5 spell levels left.
You didn't know any spells.

Dungeon Overview and Level Annotations

Branches:
Dungeon (4/15)
 Temple: D:4-7

Altars:
Cheibriados
Nemelex Xobeh
Trog
Yredelemnul


Innate Abilities, Weirdness & Mutations

You cannot wear most types of armour.
You are amphibious.
You can wear up to eight rings at the same time.
You can use your tentacles to constrict eight enemies at once.
Your skin changes colour to match your surroundings (Stealth).
Your rubbery body absorbs attacks (AC +1).


Message History

The hippogriff struggles against the net.
The hippogriff struggles against the net.
The hippogriff struggles against the net.
The net rips apart, and the hippogriff comes free!
You hit the hippogriff.
The hippogriff is lightly wounded.
The hippogriff bites you! The hippogriff pecks you!
The hippogriff barely misses you.
You slash the hippogriff! You squeeze the hippogriff.
The hippogriff is heavily wounded.
The hippogriff bites you. You block the hippogriff's attack.
The hippogriff barely misses you. The hippogriff closely misses you.
The hippogriff pecks you. The hippogriff claws you.
Drink which item? (? for menu, Esc to quit)
You feel better. The hippogriff bites you! You block the hippogriff's attack.
The hippogriff claws you!
* * * LOW HITPOINT WARNING * * *
Drink which item? (? for menu, Esc to quit)
You feel yourself speed up. The hippogriff bites you!
You die...

... ..#.
.##.#####...
..........
.#.......#
.........####
#.##.......#
#.......##.#
#####H.###.# ###
#@.....# #.#
#.########.#
#.......##.#
#######.##<#
#.##.## #.....#
#####.#
#########.######
#...............


You could see a hippogriff.

Vanquished Creatures
  The ghost of P0WERM0DE the Conjurer, an amateur DECj (D:3)
  A big kobold (D:4)
  An orc priest (D:3)
  An orc wizard (D:3)
  An iguana (D:4)
  3 adders (D:2)
  6 worms
  2 giant geckos (D:1)
  5 orcs (D:3)
  2 giant cockroaches
  10 goblins
  9 hobgoblins
  9 jackals
  25 kobolds
  5 bats
  A giant gecko skeleton (D:4)
  2 giant newts
  A jackal skeleton (D:4)
  3 rats
88 creatures vanquished.

Notes
Turn   | Place    | Note
--------------------------------------------------------------
     0 | D:1      | Ordine the Octopode Fighter began the quest for the Orb.
     0 | D:1      | Reached XP level 1. HP: 16/16 MP: 1/1
    57 | D:1      | Reached XP level 2. HP: 18/21 MP: 2/2
   290 | D:1      | Reached XP level 3. HP: 11/26 MP: 3/3
   801 | D:2      | Found a basalt altar of Yredelemnul.
  1054 | D:2      | Reached XP level 4. HP: 25/33 MP: 4/4
  1130 | D:2      | Reached skill level 4 in Fighting
  1139 | D:2      | Found a sparkling altar of Nemelex Xobeh.
  1752 | D:2      | Found a bloodstained altar of Trog.
  1995 | D:3      | Reached XP level 5. HP: 32/38 MP: 5/5
  2137 | D:3      | Noticed P0WERM0DE's ghost (amateur DECj)
  2150 | D:3      | Killed P0WERM0DE's ghost
  2150 | D:3      | Reached skill level 5 in Fighting
  2150 | D:3      | Reached XP level 6. HP: 18/45 MP: 6/6
  2611 | D:3      | Found a snail-covered altar of Cheibriados.
  2921 | D:4      | Noticed a hippogriff
  2959 | D:4      | Reached skill level 5 in Long Blades
  2997 | D:4      | HP: 2/45 [poisoned by a kobold]
  3336 | D:4      | Slain by a hippogriff

Vault maps used:
D:1:      dpeg_arrival_orchard, serial_forest, infiniplex_forest_straight_4,
          infiniplex_forest_lined_4_way, infiniplex_forest_straight_4,
          infiniplex_forest_end_1, infiniplex_forest_zigzag_1
D:2:      lemuel_round_altar, lemuel_round_altar, old_standard_altar,
          hangedman_abyss_or_decor_stabs, minmay_strange_pillars
D:3:      cheibriados_altar_wand_db, minmay_misc_feat_square
D:4:      kennysheep_kobold_camp, first_bread

Action                   |  1- 3 |  4- 6 || total
-------------------------+-------+-------++-------
Melee: Long sword        |    70 |   103 ||   173
Throw: Throwing net      |       |     1 ||     1
  Use: Scroll            |     2 |     9 ||    11
       Potion            |       |     6 ||     6
 Stab: Sleeping          |     7 |     4 ||    11
       Distracted        |     1 |       ||     1
  Eat: Chunk             |       |     7 ||     7
